 Dungeon Crawl Stone Soup version 0.28.0-47-ge53b351184 (webtiles) character file.

Game seed: 910527997436122158

29 101zpm the Magician (level 3, -3/25 HPs)
             Began as a Djinni Ice Elementalist on Apr 26, 2022.
             Slain by a hobgoblin
             ... wielding a +0 war axe
              (6 damage)
             ... on level 2 of the Dungeon.
             The game lasted 00:02:39 (723 turns).

101zpm the Magician (Djinni Ice Elementalist)        Turns: 723, Time: 00:02:39

Health: -3/25      AC:  2    Str:  7    XL:     3   Next: 32%
Gold:   50         EV: 12    Int: 18    God:
                   SH:  0    Dex: 13

rFire   + + .      SeeInvis .   (no weapon)
rCold   x . .      Faith    .   (no shield)
rNeg    . . .      Spirit   .   a - +0 robe
rPois   ∞          Reflect  .   (no helmet)
rElec   .          Harm     .   (no cloak)
rCorr   .          Rampage  .   (no gloves)
Will    .....                   (boots unavailable)
Stlth   ++........              (no amulet)
HPRegen 0.08/turn               (no ring)
MPRegen 0.00/turn               (no ring)

@: flying
A: sickness immunity, fire resistance 2, cold vulnerability 1, float, innate
caster, HP casting, extra vitality 1
a: no special abilities


You were on level 2 of the Dungeon.
You visited 1 branch of the dungeon, and saw 3 of its levels.

You collected 50 gold pieces.

Inventory:

Armour
 a - a +0 robe (worn)
Potions
 b - a potion of attraction {unknown}
 c - a potion of brilliance {unknown}


   Skills:
 + Level 2.2 Dodging
 + Level 1.6 Stealth
 + Level 4.0 Spellcasting


You couldn't memorise any spells.
You knew the following spells:

 Your Spells              Type           Power      Damage    Failure   Level
a - Freeze                Ice            72%        1d9       2%          1
b - Frozen Ramparts       Ice            36%        1d5       9%          3
c - Ozocubu's Armour      Ice            18%        N/A       9%          3
d - Hailstorm             Conj/Ice       18%        3d6       28%         4
e - Summon Small Mammal   Summ           72%        N/A       2%          1
Your spell library was empty.

Dungeon Overview and Level Annotations

Branches:
Dungeon (3/15)

Altars:

Shops:
D:2 [


Innate Abilities, Weirdness & Mutations

You are immune to sickness and miasma.
You are immune to poison.
Your flesh is very heat resistant. (rF++)
You are vulnerable to cold. (rC-)
You float through the air rather than walking.
You learn spells naturally, not from books.
Your magical power is your life essence.
You have superior vitality. (+4 MHP)


Message History

You are frozen.
You are too injured to fight recklessly!
Aiming: Freeze (safe; 3% risk of failure)
Press: ? - help, Q - select action, (/) - cycle Shift-Dir - straight line, f/p - endoplasm
Aim: an endoplasm (moderately wounded)
You freeze the endoplasm.
The endoplasm is severely wounded.
The endoplasm freezes you.
You are frozen.
You feel a terrible chill!
* * * LOW HITPOINT WARNING * * *
Aiming: Freeze (safe; 3% risk of failure)
Press: ? - help, Q - select action, (/) - cycle Shift-Dir - straight line, f/p - endoplasm
Aim: an endoplasm (severely wounded)
You freeze the endoplasm!
You kill the endoplasm!
* * * LOW HITPOINT WARNING * * *
Your Spellcasting skill increases to level 4!
You see here a worm corpse.
Things that are here:
a ball python skeleton; an adder skeleton
Aiming: Freeze (safe; 2% risk of failure)
Press: ? - help, Q - select action, (/) - cycle Shift-Dir - straight line, f - frilled lizard
Aim: a frilled lizard You freeze the frilled lizard!
You kill the frilled lizard!
* * * LOW HITPOINT WARNING * * *
You start resting.
A hobgoblin comes into view. It is wielding a +0 war axe.
The hobgoblin shouts!
The hobgoblin throws a stone.
The stone hits you.
The hobgoblin hits you with a +0 war axe!
* * * LOW HITPOINT WARNING * * *
Aiming: Freeze (safe; 2% risk of failure)
Press: ? - help, Q - select action, (/) - cycle Shift-Dir - straight line, f - hobgoblin
Aim: a hobgoblin, wielding a +0 war axe, wearing a +0 robe and quivering stones You freeze the hobgoblin.
The hobgoblin is almost dead.
* * * LOW HITPOINT WARNING * * *
The hobgoblin hits you with a +0 war axe.
You die...

#..#....#8$..#
..'.........#
#.#.........
###.#......#'#
#..........#'###
#......#.......# ########
#......#.......###......#
#.......g@.....##.......#
#....†..##.#.####.......#
#####.#........†........#
+...!......#.#####.######
#####..###.#.....#.#
##.###+####....#
#..#.....'....#
##.#...###....#
#.....#....#.#


You could see a hobgoblin.

Vanquished Creatures
  2 adders (D:2)
  A worm (D:2)
  An orc (D:2)
  An endoplasm (D:2)
  A hobgoblin (D:1)
  A ball python (D:2)
  A bat (D:2)
  A frilled lizard (D:2)
9 creatures vanquished.

Notes
Turn   | Place    | Note
-------+----------+-------------------------------------------
     0 | D:1      | 101zpm the Djinni Ice Elementalist began the quest for the
                  | Orb.
     0 | D:1      | Reached XP level 1. HP: 15/15 MP: 0/0
   132 | D:2      | Found Deythra's Antique Armour Boutique.
   233 | D:2      | Reached XP level 2. HP: 16/21 MP: 0/0
   372 | D:2      | Reached XP level 3. HP: 13/25 MP: 0/0
   372 | D:2      | Learned a level 1 spell: Summon Small Mammal
   577 | D:2      | Reached skill level 4 in Spellcasting
   723 | D:2      | Slain by a hobgoblin

Illustrated notes

Levels and vault maps discovered:
D:1:      scummos_arrival_forest, layout_loops_ring, minmay_tetromino_s2
D:2:      layout_basic, serial_shops, shop_statue,
          hellmonk_ecumenical_altar_watching_god, minmay_joined_circles,
          uniq_robin
D:3:      layout_basic, lemuel_tele_altar

Skill      XL: |  1  2  3 |
---------------+----------+-----
Spellcasting   | 4 |  4.0
Dodging        | |  2.2
Stealth        | |  1.6

Action                   || total
-------------------------++-------
Melee: Unarmed           ||     1
 Cast: Freeze            ||    27
Armor: Robe              ||     2
Dodge: Dodged            ||    13
